 Dungeon Crawl Stone Soup version 0.29.1 (webtiles) character file.

Game seed: 16953908909693189220

504 QueenGhuleh the Chopper (level 6, -6/84 HPs)
             Began as a Minotaur Berserker on Sept 14, 2022.
             Was a Priest of Trog.
             Mangled by an ogre
             ... wielding a +0 giant spiked club
              (22 damage)
             ... on level 5 of the Dungeon.
             The game lasted 00:07:52 (3798 turns).

QueenGhuleh the Chopper (Minotaur Berserker)        Turns: 3798, Time: 00:07:53

Health: -6/84      AC: 10    Str: 24    XL:     6   Next: 96%
Magic:  5/5        EV:  9    Int:  4    God:    Trog [***...]
Gold:   185        SH:  0    Dex:  9    Spells: 5/5 levels left

rFire   . . .      SeeInvis .   a - +0 hand axe
rCold   . . .      Faith    .   (no shield)
rNeg    . . .      Spirit   .   d - +0 chain mail
rPois   .          Reflect  .   (helmet restricted)
rElec   .          Harm     .   (no cloak)
rCorr   .          Rampage  .   (no gloves)
Will    .....                   (no boots)
Stlth   ..........              (no amulet)
HPRegen 0.24/turn               (no ring)
MPRegen 0.09/turn               (no ring)

@: berserking, marked, slow
A: horns 2, retaliatory headbutt
a: Renounce Religion, Berserk, Trog's Hand


You were on level 5 of the Dungeon.
You worshipped Trog.
Trog was most pleased with you.
You visited 1 branch of the dungeon, and saw 5 of its levels.

You collected 185 gold pieces.

Inventory:

Hand Weapons
 a - a +0 hand axe (weapon)
Armour
 d - a +0 chain mail (worn)
Wands
 o - a wand of polymorph (10)
 r - a wand of flame (1)
Scrolls
 b - a scroll of enchant weapon {unknown}
 e - 2 scrolls of vulnerability {unknown}
 f - a scroll of summoning {unknown}
 g - 4 scrolls of teleportation {unknown}
 h - a scroll of magic mapping {unknown}
 j - 2 scrolls of torment {unknown}
 k - 3 scrolls of identify {unknown}
 n - 2 scrolls of butterflies {unknown}
 q - a scroll of enchant armour {unknown}
Potions
 c - a potion of invisibility {unknown}
 i - 2 potions of curing {unknown}
 l - a potion of degeneration {unknown}
 m - 2 potions of mutation {unknown}
 p - a potion of lignification {unknown}


   Skills:
 + Level 5.3 Fighting
 + Level 6.4 Axes
 + Level 5.5 Armour
 + Level 3.0 Dodging
 + Level 0.9 Stealth


You had 5 spell levels left.
You didn't know any spells.
Your spell library was empty.

Dungeon Overview and Level Annotations

Branches:
Dungeon (5/15)
 Temple: D:4-7

Altars:
Makhleb
Vehumet
Xom

Annotations:
D:3 2 runed translucent doors, Sabo's ghost, weakling OpAE
D:4 3 runed translucent doors, masschaos23's ghost, amateur MiCK


Innate Abilities, Weirdness & Mutations

You have a pair of horns on your head.
You reflexively headbutt those who attack you in melee.


Message History

You enter the shallow water.
Moving in this stuff is going to be slow.
An iguana comes into view.
The ogre closely misses you.
An adder comes into view.
The ogre barely misses you.
You hit the ogre.
The ogre is lightly wounded.
You slash the plant!
The plant begins to die.
You slash the ogre! Your headbutt misses the ogre.
The ogre is moderately wounded.
You slash the plant! The ogre barely misses you. You furiously retaliate!
You headbutt the ogre. You hit the ogre.
You headbutt the ogre, but do no damage.
The ogre is severely wounded.
You hit the plant but do no damage. You hit the ogre.
You punch the ogre, but do no damage.
The ogre is almost dead.
You hit the plant but do no damage.
A nearby plant withers and dies.
The adder bites the plant.
The plant begins to die.
The ogre hits you with a +0 giant spiked club!!
The adder bites the plant.
You barely miss the ogre.
The ogre is almost dead.
You barely miss the iguana.
A white imp comes into view.
The ogre hits you with a +0 giant spiked club!!
* * * LOW HITPOINT WARNING * * *
You are too injured to fight recklessly!
Unknown command.
You are too injured to fight recklessly!
A red film seems to cover your vision as you go berserk!
You feel yourself moving faster!
You feel mighty!
The iguana splashes around in the water.
Your unstable footing causes you to fumble your attack.
The adder bites you.
* * * LOW HITPOINT WARNING * * *
The ogre hits you with a +0 giant spiked club!!
You die...

##.####.#~~~P~~~.. .
#........♣.P.PP♣# #
#..#.##.#.......#####
#..#.##.#...†...##...
#.......###.....##.##
#.####..# ##.##.##.##
#...~...# #......#..
#.#~~♣.## #######.##
♣~@~~# ### ♣OlS~..#
.~~~~♣♣># ...~PPPP .#
#~...~~~≈~♣ #
~P....~≈≈~~
♣~P..5~~≈≈~♣
~~....~~≈≈~~


You could see an ogre, an iguana, an adder and a white imp.

Vanquished Creatures
  An ogre (D:4)
  A phantom (D:4)
  A scorpion (D:4)
  A crimson imp (D:4)
  An orc priest (D:3)
  A jelly (D:4)
  Robin (D:4)
  11 adders
  3 dart slugs
  11 orcs
  6 endoplasms
  A giant cockroach (D:1)
  16 goblins
  5 hobgoblins
  3 jackals (D:1)
  4 quokkas
  5 ball pythons
  A bat (D:2)
  2 frilled lizards
  5 kobolds
  4 rats
84 creatures vanquished.

Vanquished Creatures (others)
  6 plants (D:5)
6 creatures vanquished.

Grand Total: 90 creatures vanquished

Notes
Turn   | Place    | Note
-------+----------+-------------------------------------------
     0 | D:1      | QueenGhuleh the Minotaur Berserker began the quest for the
                  | Orb.
     0 | D:1      | Reached XP level 1. HP: 19/19 MP: 0/0
   344 | D:1      | Reached XP level 2. HP: 27/27 MP: 1/1
   454 | D:1      | Reached skill level 4 in Axes
   685 | D:1      | Found a faded altar of an unknown god.
   846 | D:2      | Reached XP level 3. HP: 33/33 MP: 2/2
  1332 | D:2      | Reached XP level 4. HP: 41/41 MP: 3/3
  1614 | D:3      | Reached ** piety under Trog
  1804 | D:3      | Found a large runed translucent door.
  1805 | D:3      | Found a large runed translucent door.
  1807 | D:3      | Noticed Sabo's ghost (weakling OpAE)
  1840 | D:3      | Reached skill level 5 in Axes
  2145 | D:3      | You fall into a shaft and drop 1 floor!
  2228 | D:4      | Reached XP level 5. HP: 46/47 MP: 4/4
  2319 | D:4      | Noticed an ogre
  2327 | D:4      | Killed an ogre
  2328 | D:4      | Reached skill level 5 in Fighting
  2586 | D:4      | Noticed a phantom
  2597 | D:4      | Killed a phantom
  2598 | D:4      | Reached XP level 6. HP: 50/56 MP: 5/5
  2802 | D:4      | Reached skill level 5 in Armour
  2948 | D:4      | Reached skill level 6 in Axes
  3103 | D:4      | Noticed masschaos23's ghost (amateur MiCK)
  3109 | D:4      | Found a runed translucent gate.
  3109 | D:4      | Found a runed translucent gate.
  3110 | D:4      | Found a runed translucent gate.
  3497 | D:4      | Found a shimmering altar of Xom.
  3501 | D:4      | Noticed Robin
  3513 | D:4      | Reached *** piety under Trog
  3520 | D:4      | Killed Robin
  3602 | D:4      | Found a radiant altar of Vehumet.
  3602 | D:4      | Found a burning altar of Makhleb.
  3756 | D:5      | Entered Level 5 of the Dungeon
  3798 | D:5      | Mangled by an ogre

Illustrated notes

Levels and vault maps discovered:
D:1:      amcnicky_arrival_flooded_fountain, layout_basic,
          chequers_ecumenical_altar_island
D:2:      layout_loops_cross
D:3:      layout_basic, ebering_ghost_disaster_area
D:4:      layout_cave_pods, grunt_temple_overflow_lords_of_destruction,
          mainiacjoe_overflow_boulevard, gammafunk_ghost_split,
          grunt_ministairs_4, minmay_vboxes, uniq_robin
D:5:      layout_loops_cross, lemuel_doored_altar, old_standard_altar,
          serial_shops, nicolae_inconvenience_store, serial_bayou,
          serial_bayou_crossing, serial_bayou_ford_a, serial_bayou_pond_a,
          serial_bayou_shore_b, bh_walls_and_bars, uniq_grinder,
          uniq_crazy_yiuf_cottage

Skill      XL: |  1  2  3  4  5  6 |
---------------+-------------------+-----
Axes           | 4 5 6 |  6.4
Fighting       | 4 5 |  5.3
Armour         | 3 4 5 |  5.5
Dodging        | 3 |  3.0
Stealth        | |  0.9

Action                   |  1- 3 |  4- 6 || total
-------------------------+-------+-------++-------
Melee: Hand axe          |    65 |   150 ||   215
       Headbutt          |     7 |    18 ||    25
       Punch             |       |     1 ||     1
Invok: Berserk           |       |     3 ||     3
Armor: Ring mail         |     5 |       ||     5
       Chain mail        |    25 |    70 ||    95
Dodge: Dodged            |    32 |    59 ||    91
